 Dungeon Crawl Stone Soup version 0.29-a0-317-gd16b76e6b1 (webtiles) character file.

Game seed: 9352893581212886760

9512 Ijustatesigmund the Fighter (level 11, -1/76 HPs)
             Began as a Gargoyle Wanderer on Mar 30, 2022.
             Was a Believer of Cheibriados.
             Slain by a hellwing (10 damage)
             ... on level 2 of the Abyss.
             The game lasted 00:21:27 (12788 turns).

Ijustatesigmund the Fighter (Gargoyle Wanderer)    Turns: 12788, Time: 00:21:27

Health: -1/76      AC: 21    Str: 31    XL:     11   Next: 47%
Magic:  15/15      EV:  9    Int: 21    God:    Cheibriados [**....]
Gold:   1354       SH:  9    Dex: 17    Spells: 15/16 levels left

rFire   . . .      SeeInvis +   a - +4 broad axe (vorpal)
rCold   . . .      Faith    .   s - +0 buckler
rNeg    + . .      Spirit   .   b - +0 chain mail
rPois   ∞          Reflect  .   d - +0 helmet {SInv}
rElec   +          Harm     .   j - +0 cloak
rCorr   .          Rampage  .   (no gloves)
Will    .....                   (no boots)
Stlth   ..........              (no amulet)
HPRegen 0.22/turn               i - +6 ring of dexterity
MPRegen 0.14/turn               e - +6 ring of strength

@: very slow
A: sickness immunity, AC +8, negative energy resistance 1, electricity
resistance, torment resistance 1, petrification resistance, hooves 1, large bone
plates 1
a: Renounce Religion, Bend Time


You were on level 2 of the Abyss.
You worshipped Cheibriados.
Cheibriados was pleased with you.
You visited 2 branches of the dungeon, and saw 12 of its levels.
You visited the Abyss 1 time.
You also visited: Gauntlet.

You collected 1494 gold pieces.
You spent 140 gold pieces at shops.

Inventory:

Hand Weapons
 a - a +4 vorpal broad axe (weapon)
 f - a +4 flail
Armour
 b - a +0 chain mail (worn)
 d - a +0 helmet of see invisible (worn)
 j - a +0 cloak (worn)
 s - a +0 buckler (worn)
Jewellery
 e - a +6 ring of strength (right hand)
 i - a +6 ring of dexterity (left hand)
Wands
 h - a wand of digging (15)
 t - a wand of iceblast (8)
Scrolls
 g - 4 scrolls of teleportation
 p - 3 scrolls of identify
 r - a scroll of fear
 u - a scroll of enchant weapon
Potions
 c - 5 potions of curing
 m - a potion of magic
 n - 2 potions of brilliance
 o - 2 potions of lignification
 q - 3 potions of mutation


   Skills:
 + Level 12.1 Fighting
 - Level 1.7(6.6) Axes
 + Level 11.0(11.1) Maces & Flails
 - Level 7.3 Armour
 - Level 1.8 Dodging
 - Level 2.1 Shields
 - Level 3.0 Spellcasting
 - Level 1.0 Poison Magic
 + Level 4.8 Invocations


You had 15 spell levels left.
You knew the following spells:

 Your Spells              Type           Power      Damage    Failure   Level
a - Sting                 Tmut/Pois      20%        1d4       52%         1

Your spell library contained the following spells:

 Spells                   Type           Power      Damage    Failure   Level
 Freeze                   Ice            12%        1d4       58%         1
 Shock                    Conj/Air       12%        1d3       58%         1
 Poisonous Vapours        Pois/Air       10%        N/A       65%         2
 Corpse Rot               Necr/Air       6%         N/A       73%         2
 Spider Form              Tmut/Pois      5%         N/A       87%         3
 Frozen Ramparts          Ice            6%         1d2       91%         3
 Portal Projectile        Hex/Tloc       6%         N/A       91%         3
 Olgreb's Toxic Radiance  Pois           7%         N/A       99%         4
 Hailstorm                Conj/Ice       3%         3d3       100%        4
 Blade Hands              Tmut           1%         N/A       100%        5
 Excruciating Wounds      Necr           1%         N/A       100%        5
 Conjure Ball Lightning   Conj/Air       1%         3x3d6     100%        6
 Haunt                    Necr/Summ      1%         N/A       100%        7


Dungeon Overview and Level Annotations

Branches:
Dungeon (11/15)            Temple (1/1) D:7            Lair (0/6) D:8
    Orc (0/2) D:10        Gauntlet (visited)

Altars:
Ashenzari
Cheibriados
Dithmenos
Elyvilon
Fedhas
Gozag
Hepliaklqana
Kikubaaqudgha
Makhleb
Nemelex Xobeh
Okawaru
Qazlal
Ru
Sif Muna
Trog
Uskayaw
Vehumet
Wu Jian
Xom
Yredelemnul
Zin
The Shining One
Beogh

Shops:
D:1 [   D:4 (   D:7 :

Annotations:
Gauntlet 7 transporters, 1 runed translucent door, exclusions: ice statue and obsidian statue


Innate Abilities, Weirdness & Mutations

You are immune to sickness and miasma.
Your stone body is resilient. (AC +8)
You are immune to poison.
You resist negative energy. (rN+)
You are resistant to electric shocks. (rElec)
You are resistant to unholy torment.
You are immune to petrification.
You have large cloven feet.
You are partially covered in large bone plates. (SH +4)


Message History

You hit the hellwing but do no damage. You block the hellwing's attack.
The hellwing hits you but does no damage. x5
The large abomination hits you but does no damage.
You hit the hellwing but do no damage.
You kick the hellwing, but do no damage.
The hellwing is almost dead.
You slash the large abomination! You hit the hellwing. You slash the hellwing!
The hellwing barely misses you. You block the hellwing's attack.
The hellwing hits you! The hellwing hits you. The hellwing barely misses you.
The hellwing hits you but does no damage. x2
The hellwing hits you. x2
The hellwing hits you but does no damage.
The hellwing barely misses you.
The hellwing hits you but does no damage.
The large abomination hits you.
You feel much better. The hellwing hits you. You block the hellwing's attack.
The hellwing barely misses you. x3
The hellwing hits you but does no damage.
You slice the hellwing!!
You kill the hellwing!
That felt strangely unrewarding.
You hit the hellwing. You closely miss the hellwing.
You hit the large abomination but do no damage.
The large abomination hits you!!
* * * LOW HITPOINT WARNING * * *
You block the hellwing's attack. The hellwing hits you.
* * * LOW HITPOINT WARNING * * *
You block the hellwing's attack.
The hellwing hits you but does no damage.
You feel much better. The large abomination hits you!!
* * * LOW HITPOINT WARNING * * *
You block the hellwing's attack. x2; The hellwing hits you!
* * * LOW HITPOINT WARNING * * *
The hellwing hits you but does no damage.
Okay, then.
You feel better. You block the hellwing's attack. x2
The large abomination hits you!
* * * LOW HITPOINT WARNING * * *
The hellwing hits you!
You die...

.#. . #.#. #
.#...∩......#..#.#.
# #. .##.##.##......
.....).......#...# .
. ................
....................
....................
.........X44......
..# .#...@.#. #
###...## # #.....#
.. ............. .
............. ..
............... ..
.....#.....#....
...###...###...


You could see a large abomination and 2 hellwings.

Vanquished Creatures
  A deep elf elementalist (Abyss:2)
  Erica (D:10)
  An unseen horror (D:11)
  An orange demon (Abyss:2)
  Maggie (D:6)
  3 hellwings (Abyss:2)
  Psyche (D:7)
  3 trolls
  Grinder (D:4)
  Sigmund (D:5)
  A centaur simulacrum (Gauntlet)
  A culicivora (shapeshifter) (Gauntlet)
  9 yaks
  2 wyverns (D:9)
  A steam dragon (D:7)
  A chaos spawn (Abyss:2)
  Eustachio (D:4)
  Menkaure (D:5)
  An acid dragon (D:10)
  A water moccasin (D:9)
  A meliai simulacrum (Gauntlet)
  4 black bears
  A sky beast (D:8)
  5 orc warriors
  2 ogres
  3 centaurs
  2 phantoms (D:5)
  A small abomination (Abyss:2)
  A kobold brigand (D:10)
  Blork the orc (D:4)
  A gnoll sergeant (D:9)
  6 scorpions
  A necrophage (D:6)
  2 bullfrogs
  13 wights
  A hornet simulacrum (Gauntlet)
  15 killer bees
  A quasit (Abyss:2)
  2 jellies
  6 orc priests
  A gnoll shaman (D:5)
  4 hounds
  Jessica (D:3)
  2 iguanas
  Natasha (D:2)
  6 orc wizards
  11 gnolls
  8 adders
  4 white imps
  An ufetubus (D:7)
  A worm (D:2)
  34 orcs
  3 bat zombies (D:5)
  7 endoplasms
  3 giant cockroaches
  10 goblins
  5 hobgoblins
  5 jackals (D:2)
  4 quokkas
  12 ball pythons
  7 bats
  3 frilled lizards (D:3)
  15 kobolds
  4 rats
  2 rat zombies (D:5)
256 creatures vanquished.

Vanquished Creatures (others)
  A kobold (D:10)
  14 fungi
  2 plants (D:6)
  3 toadstools (D:2)
20 creatures vanquished.

Grand Total: 276 creatures vanquished

Notes
Turn   | Place    | Note
-------+----------+-------------------------------------------
     0 | D:1      | Ijustatesigmund the Gargoyle Wanderer began the quest for
                  | the Orb.
     0 | D:1      | Ijustatesigmund set off with the following items: a +2 hand
                  | axe, a +0 scale mail, a potion of curing; and the following
                  | spell memorised: Sting; and the following spells available
                  | to memorise: Spider Form
     0 | D:1      | Reached XP level 1. HP: 12/12 MP: 4/4
   246 | D:1      | Reached skill level 1 in Maces & Flails
   246 | D:1      | Reached XP level 2. HP: 18/18 MP: 6/6
   408 | D:1      | Found a faded altar of an unknown god.
   445 | D:1      | Found Neleubix's Antique Armour Boutique.
   655 | D:1      | Reached skill level 3 in Fighting
   859 | D:2      | Reached XP level 3. HP: 23/23 MP: 7/7
  1296 | D:2      | Reached XP level 4. HP: 14/28 MP: 8/8
  1687 | D:2      | Noticed Natasha
  1701 | D:2      | Gained mutation: You are partially covered in large bone
                  | plates. (SH +4) [potion of mutation]
  1701 | D:2      | Gained mutation: You have large cloven feet. [potion of
                  | mutation]
  1705 | D:2      | Killed Natasha
  2002 | D:2      | Identified a scroll of acquirement
  2028 | D:2      | Acquired 804 gold pieces
  2050 | D:2      | Reached skill level 4 in Fighting
  2215 | D:3      | Reached XP level 5. HP: 18/33 MP: 9/9
  2609 | D:3      | Noticed Jessica
  2619 | D:3      | Killed Jessica
  2734 | D:3      | Reached XP level 6. HP: 29/40 MP: 10/10
  2996 | D:3      | Reached skill level 5 in Fighting
  3303 | D:4      | Noticed Blork the orc
  3312 | D:4      | Killed Blork the orc
  3574 | D:4      | Noticed a black bear
  3594 | D:4      | Killed a black bear
  3595 | D:4      | Reached XP level 7. HP: 27/45 MP: 11/11
  3763 | D:4      | Noticed Eustachio
  3784 | D:4      | Killed Eustachio
  3785 | D:4      | Reached skill level 6 in Fighting
  3785 | D:4      | Reached skill level 5 in Maces & Flails
  4246 | D:4      | Found Lunkia's Antique Weapon Emporium.
  4258 | D:4      | Bought a runed broad axe for 140 gold pieces
  4462 | D:4      | Noticed Grinder
  4475 | D:4      | Killed Grinder
  4476 | D:4      | Reached skill level 7 in Fighting
  4476 | D:4      | Reached XP level 8. HP: 40/53 MP: 12/12
  4752 | D:5      | Entered Level 5 of the Dungeon
  4810 | D:5      | Noticed Sigmund
  4815 | D:5      | Killed Sigmund
  5044 | D:5      | Reached skill level 8 in Fighting
  5496 | D:5      | Identified the +4 dagger "Limuos" {elec, rPois rN+ Dex+4}
  5504 | D:5      | Noticed Menkaure
  5512 | D:5      | Killed Menkaure
  5825 | D:5      | Reached XP level 9. HP: 60/60 MP: 13/13
  6071 | D:5      | Found an ancient bone altar of Kikubaaqudgha.
  6235 | D:6      | Reached skill level 9 in Fighting
  6299 | D:6      | Found a glowing golden altar of the Shining One.
  6533 | D:6      | Noticed Maggie
  6539 | D:6      | Found a blossoming altar of Fedhas.
  6782 | D:6      | Killed Maggie
  7098 | D:7      | Found a staircase to the Ecumenical Temple.
  7211 | D:7      | Reached skill level 5 in Armour
  7382 | D:7      | Found a sparkling altar of Nemelex Xobeh.
  7593 | D:7      | Reached skill level 10 in Fighting
  7618 | D:7      | Found Laoqemor's Book Emporium.
  7761 | D:8      | Noticed Psyche
  8006 | D:8      | Found a staircase to the Lair.
  8072 | D:8      | Reached XP level 10. HP: 62/68 MP: 14/14
  8502 | D:8      | Found an iron altar of Okawaru.
  9693 | D:9      | Reached skill level 11 in Fighting
  9730 | D:7      | Killed Psyche
  9750 | Temple   | Entered the Ecumenical Temple
  9850 | Temple   | Became a worshipper of Cheibriados the Contemplative
  9937 | D:9      | Reached skill level 10 in Maces & Flails
  9998 | D:9      | Reached skill level 1 in Invocations
 10090 | D:9      | Reached skill level 1 in Dodging
 10148 | D:9      | Reached skill level 1 in Shields
 10219 | D:9      | Reached * piety under Cheibriados
 10407 | D:9      | Identified the +2 mace "Taloq" {drain, Int+2}
 10468 | D:9      | Found the +4 skin of Zhor {*Englaciate rC+++ SInv}
 10699 | D:10     | Entered Level 10 of the Dungeon
 10716 | D:10     | Reached XP level 11. HP: 74/74 MP: 15/15
 10804 | D:10     | Found a radiant altar of Vehumet.
 10944 | D:10     | Noticed Erica
 10966 | D:10     | Killed Erica
 11301 | D:10     | Found a staircase to the Orcish Mines.
 11319 | D:10     | Reached ** piety under Cheibriados
 11641 | D:10     | Found a stormy altar of Qazlal.
 11641 | D:10     | Found a shimmering altar of Xom.
 11641 | D:10     | Found a basalt altar of Yredelemnul.
 11641 | D:10     | Found a hide-covered altar of Uskayaw.
 11650 | D:10     | Found a shimmering blue altar of Sif Muna.
 11650 | D:10     | Found a broken altar of Ashenzari.
 12140 | D:11     | Reached skill level 12 in Fighting
 12204 | D:11     | Found a gate leading to a gauntlet.
 12210 | Gauntlet | Entered a Gauntlet
 12210 | Gauntlet | Found a transporter.
 12210 | Gauntlet | Found a transporter.
 12273 | Gauntlet | Found a transporter.
 12273 | Gauntlet | Found a transporter.
 12277 | Gauntlet | Found a transporter.
 12277 | Gauntlet | Found a transporter.
 12307 | Gauntlet | Noticed a death scarab
 12310 | Gauntlet | Found a runed translucent door.
 12313 | Gauntlet | Found a transporter.
 12315 | Gauntlet | Found a transporter.
 12320 | Gauntlet | Noticed an obsidian statue
 12324 | Gauntlet | Found a transporter.
 12340 | Gauntlet | Found a transporter.
 12340 | Gauntlet | Noticed a wizard
 12344 | Gauntlet | Noticed a wizard
 12358 | Gauntlet | Found a transporter.
 12359 | Gauntlet | Found a transporter.
 12371 | Gauntlet | Noticed a lindwurm
 12373 | Gauntlet | a lindwurm changed into a merfolk
 12386 | Gauntlet | Noticed a manticore
 12386 | Gauntlet | a swamp worm changed into a manticore
 12394 | Gauntlet | a manticore changed into a culicivora
 12410 | Gauntlet | Got the Compendium of Floating Evil Rituals
 12561 | Gauntlet | Cast into level 2 of the Abyss (a wizard)
 12569 | Abyss:2  | Noticed a deep elf elementalist
 12581 | Abyss:2  | Killed a deep elf elementalist
 12788 | Abyss:2  | Slain by a hellwing

Illustrated notes

Levels and vault maps discovered:
D:1:      mrwooster_arrival_statue_2, layout_basic, basic_ecumenical_altar,
          serial_shops, nicolae_shop_hallway_stairs, lemuel_old_faithful
D:2:      layout_rooms, minmay_gold_behind_fungi, kennysheep_cluttered_room,
          st_stairs_1, uniq_natasha
D:3:      minmay_door_path, layout_basic, nicolae_elevator_lobby_plus,
          uniq_jessica
D:4:      layout_gridville, serial_shops, shop, uniq_blork_the_orc,
          uniq_grinder, uniq_eustachio
D:5:      layout_loops_corners, lemuel_zombie_altar_kikubaaqudgha,
          chequers_decorated_corner, uniq_menkaure, uniq_sigmund
D:6:      layout_basic, mainiacjoe_overflow_alcove_4, fedhas_altar_3,
          dk_noncrumbling_3, uniq_maggie
D:7:      layout_loops_cross, nemelex_spade_bored_becter,
          minmay_temple_entry_ruins, serial_shops, nicolae_diamond_shop,
          minmay_misc_feat_four_crosses
D:8:      layout_layer_cave, kennysheep_okawaru_gauntlet, dpeg_oklobed_lair,
          uniq_psyche
D:9:      layout_gridville, grunt_ministairs_7, hellmonk_bongcloud_opening,
          hellmonk_guarded_unrand_zhor
D:10:     layout_long_grid, minmay_overflow_temple_hex,
          nicolae_vehumet_altar_sigil, minmay_orc_entry_temple_small, uniq_erica
D:11:     layout_loops_ring, gauntlet_entry_generic
Temple:   eino_wide_crystal_templ
Abyss:2:  base:
Temple
Gauntlet: minmay_gauntlet_77_indecision [minmay_gauntlet_arena_77_hold_the_fort,
          minmay_gauntlet_arena_77_museum,
          minmay_gauntlet_arena_77_broken_ladder, minmay_gauntlet_arena_77_path,
          minmay_gauntlet_arena_77_mirror, minmay_gauntlet_arena_77_mess,
          gauntlet_exit_green]

Skill      XL: |  1  2  3  4  5  6  7  8  9 10 11 |
---------------+----------------------------------+-----
Maces & Flails | 1 2 3 4 6 7 9 10 11 | 11.0
Fighting       | 3 4 5 7 8 10 11 12 | 12.1
Armour         | 5 7 |  7.3
Invocations    | 2 4 |  4.8
Dodging        | 1 |  1.8
Shields        | 2 |  2.1
Axes           | |  1.7
Spellcasting   | |  3.0
Poison Magic   | |  1.0

Action                   |  1- 3 |  4- 6 |  7- 9 | 10-12 || total
-------------------------+-------+-------+-------+-------++-------
Melee: Hand axe          |   107 |   116 |    41 |       ||   264
       Kick              |       |    24 |    48 |    68 ||   140
       Broad axe         |       |       |   162 |   261 ||   423
       Punch             |       |       |     2 |     1 ||     3
       Unarmed           |       |       |     4 |       ||     4
  Use: Scroll            |       |     3 |    12 |     7 ||    22
       Potion            |       |     2 |     2 |     5 ||     9
 Stab: Invisible         |       |       |       |     1 ||     1
Armor: Scale mail        |    83 |    61 |    81 |       ||   225
       Chain mail        |       |       |    98 |   293 ||   391
       Skin              |       |       |     3 |       ||     3
Dodge: Dodged            |    70 |    61 |   122 |   169 ||   422
Block: Other             |       |    33 |    53 |    42 ||   128
       Buckler           |       |       |       |   114 ||   114

Table legend: (Time is in decaauts)
 A = Elapsed time spent in this place.
 B = Non-inter-level travel time spent in this place.
 C = Inter-level travel time spent in this place.
 D = Time resting spent in this place.
 E = Time spent auto-exploring this place.
 F = Levels seen in this place.
 G = Mean time per level.
                   A        B        C        D        E       F      G
               +--------+--------+--------+--------+--------+-----+--------+
         Total |  13566 |  13134 |    432 |   2700 |   8278 |  14 |  969.0 |
       Dungeon |  12755 |  12343 |    412 |   2552 |   8020 |  11 | 1159.5 |
        Temple |    119 |    100 |     19 |      0 |     86 |   1 |  119.0 |
         Abyss |    250 |    250 |      0 |      0 |    171 |   1 |  250.0 |
      Gauntlet |    440 |    440 |      0 |    148 |      0 |   1 |  440.0 |
               +--------+--------+--------+--------+--------+-----+--------+

Top non-repeatable levels by time:
    D:10: 1746 daAuts
     D:5: 1682 daAuts
     D:8: 1624 daAuts
     D:4: 1498 daAuts
     D:2: 1334 daAuts
     D:9: 1226 daAuts
     D:3: 1108 daAuts
     D:1: 861 daAuts
     D:7: 847 daAuts
     D:6: 712 daAuts
Gauntlet: 440 daAuts
 Abyss:2: 250 daAuts
  Temple: 119 daAuts
    D:11: 113 daAuts
